Map: Odyssey LE

Players

arekusei - Winner!

  • Race: Terran Terran
  • League: Bronze
  • Spawn Location: 11:00

A.I. 1 (Easy)

  • Race: Protoss Protoss
  • Spawn Location: 5:00

VOD

Have the link to the VOD?

Description

Time

  • Played on: Jan. 5, 2018, 10:21 p.m.
  • Length: 15:58
Show
View Real Time Build Order
Export as new Build Order

arekusei Terran - Winner!

Build Orders: MMM Bio 

Get SALT Encoding   

  12  0:04  SCV  
  13  0:25  Supply Depot  
  13  0:31  SCV  
  14  0:44  SCV  
  15  0:51  Barracks  
  15  1:02  SCV  
  16  1:16  SCV  
  17  1:24  Barracks  
  17  1:30  SCV  
  19  1:50  Orbital Command  
  18  2:12  Marine x2  
  20  2:22  SCV, Supply Depot  
  21  2:38  Marine x2  
  21  2:43  SCV  
  24  2:55  Marine, SCV  
  24  2:56  Command Center, Marine  
  27  3:09  Supply Depot  
  27  3:28  Marine x2  
  27  3:33  SCV  
  30  3:44  Barracks  
  30  3:46  Marine x2  
  32  3:53  SCV  
  33  4:03  Supply Depot  
  33  4:04  Marine x2  
  35  4:14  Refinery  
  35  4:20  Refinery  
  35  4:31  Marine x3  
  35  4:33  SCV  
  39  4:52  Marine x2  
  41  4:57  Barracks Tech Lab  
  41  5:06  SCV  
  42  5:13  Marine x2  
  44  5:18  SCV  
  45  5:31  SCV  
  46  5:48  SCV  
  46  5:49  SCV  
  48  5:50  Marine  
  48  5:56  Marine  
  50  6:06  Stimpack  
  50  6:08  Marine  
  51  6:26  Engineering Bay  
  51  6:28  Engineering Bay  
  51  6:34  Supply Depot  
  51  6:45  Marine x3  
  54  6:47  SCV x2  
  56  6:59  SCV x2  
  58  7:03  Marine x3  
  61  7:21  Marine x2  
  61  7:22  Marauder  
  62  7:38  Marine  
  62  7:39  Marine  
  62  7:40  SCV x2  
  62  7:43  Marauder  
  68  8:01  Refinery  
  68  8:04  Terran Infantry Weapons Level 1, Terran Infantry Armor Level 1  
  68  8:06  Combat Shields  
  68  8:26  Supply Depot  
  68  8:38  SCV x2  
  70  8:47  Marine x2  
  70  8:48  Marauder  
  74  8:50  SCV  
  74  8:51  SCV  
  76  9:05  Marine x2  
  78  9:10  Factory  
  78  10:08  Factory Reactor  
  78  10:19  Starport  
  78  10:21  Supply Depot  
  78  10:42  Marine x2  
  78  10:43  SCV x2, Marauder, Supply Depot  
  84  10:55  SCV x2  
  86  11:04  Marine x3  
  86  11:06  Supply Depot  
  89  11:11  Armory  
  89  12:05  Supply Depot  
  89  12:06  Command Center  
  82  12:26  Marine  
  82  12:27  Marine  
  82  12:28  Marine  
  85  12:43  Cyclone  
  88  12:44  Marine x2  
  88  12:46  Marine  
  88  13:01  Medivac x2  
  92  13:15  Cyclone  
  95  13:36  Marauder  
  95  13:37  Marine x2  
  99  13:45  Medivac x2  
  99  13:47  Cyclone  
  106  13:55  Marine x2  
  107  13:57  Marauder  
  110  14:13  Marine  
  110  14:14  Marine  
  109  14:18  Medivac  
  110  15:16  Marine  
Show
View Real Time Build Order
Export as new Build Order

A.I. 1 (Easy) Protoss 

Build Orders:  

Get SALT Encoding   

  12  0:00  Probe  
  13  0:13  Probe  
  14  0:20  Pylon  
  14  0:25  Probe  
  15  0:38  Probe  
  16  0:44  Assimilator  
  16  0:50  Gateway  
  16  0:53  Pylon  
  16  1:18  Assimilator  
  16  1:36  Zealot  
  16  1:38  Cybernetics Core  
  18  2:09  Pylon  
  18  2:11  Probe  
  18  2:15  Adept  
  21  2:17  Warp Gate  
  21  2:23  Probe  
  22  2:35  Probe  
  23  2:46  Stalker  
  23  2:48  Probe  
  26  3:00  Probe  
  27  3:12  Probe  
  28  3:18  Stalker  
  30  3:49  Adept  
  32  6:45  Sentry  
  32  6:46  Probe  
  35  6:48  Pylon  
  35  6:53  Nexus  
  35  7:06  Probe  
  35  7:08  Stalker, Robotics Facility  
  38  7:11  Pylon  
  38  7:18  Probe  
  35  7:31  Sentry  
  31  7:54  Adept  
  31  7:56  Observer  
  34  8:06  Probe  
  34  8:10  Probe  
  36  8:13  Assimilator  
  36  8:16  Assimilator  
  36  8:17  Zealot, Observer  
  36  8:18  Probe  
  40  8:22  Probe  
  41  8:30  Probe  
  42  8:34  Probe  
  42  8:40  Stalker  
  45  8:42  Probe  
  45  8:47  Probe  
  47  8:54  Probe  
  48  8:59  Probe  
  49  9:02  Stalker  
  49  9:06  Probe  
  52  9:11  Probe  
  53  9:19  Probe  
  53  9:23  Probe  
  55  9:31  Probe  
  56  9:35  Probe  
  57  9:43  Probe  
  58  9:47  Probe  
  59  9:55  Probe  
  59  9:59  Probe  
  61  10:07  Probe  
  62  11:41  Warp Prism  
  62  11:42  Zealot  
  62  11:44  Gateway  
  62  11:46  Forge  
  66  11:48  Robotics Bay  
  66  11:50  Stargate  
  66  11:53  Pylon  
  66  11:57  Stalker x2  
  64  12:18  Immortal  
  64  12:20  Pylon  
  64  12:22  Protoss Ground Weapons Level 1  
  68  12:36  Observer Gravitic Boosters  
  68  12:37  Gateway  
  68  12:48  Sentry  
  60  12:57  Observer  
  59  13:04  Zealot  
  61  13:09  Nexus  
  61  13:18  Warp Prism  
  63  13:20  Stalker  
  65  13:33  Gravitic Drive  
  65  13:36  Stalker  
  67  13:50  Stalker  
  67  13:53  Pylon  
  68  14:04  Zealot  
  60  14:19  Void Ray  
  56  14:24  Nexus  
  51  14:34  Probe, Immortal  
  33  14:46  Probe  
  33  14:49  Zealot  
  36  14:58  Probe  
  35  15:04  Zealot  
  37  15:10  Probe  
  37  15:11  Gateway  
  31  15:22  Probe  
  31  15:26  Pylon  
  21  15:36  Probe  
Tags
 
Composition
MMM Bio
League
Bronze
Matchup
PvT
Spawn Locations
Cross Positions
Add a new tag
Caveats
  • Supply blocks, unpowered buildings, or Contaminate may cause inaccurate times.
  • Supply counts are checked every 10 seconds.